[Event "*** Titled Tuesday Blitz"]
[Site "Chess.com"]
[Date "2019.04.02"]
[Round "6"]
[White "Roenko_Artur"]
[Black "krzysztofszczurek"]
[Result "1-0"]
[WhiteElo "2300"]
[BlackElo "2389"]
[TimeControl "180+2"]
[EndTime "15:16:02 PDT"]
[Termination "Roenko_Artur won by checkmate"]

1. e4 c5 2. d4 cxd4 3. c3 dxc3 4. Nxc3 d6 5. Nf3 Nc6 6. Bc4 Nf6 7. e5 dxe5 8. Qxd8+ Kxd8 9. Ng5 Kc7 10. Nxf7 Rg8 11.
Nb5+ Kb6 12. Be3+ Ka5 13. a3 a6 14. b4+ Nxb4 15. axb4+ Kxb4 16. Nxe5 e6 17. Rb1+ Ka5 18. Nc7 Rb8 19. Bd2+ Ka4 20. Bb3+ Ka3 21. Nc4# 1-0

[Event "*** Titled Tuesday Blitz"]
[Site "Chess.com"]
[Date "2019.04.02"]
[Round "6"]
[White "SanchezKelvin"]
[Black "larajanzelj"]
[Result "1-0"]
[WhiteElo "2532"]
[BlackElo "2339"]
[TimeControl "180+2"]
[EndTime "15:16:05 PDT"]
[Termination "SanchezKelvin won by resignation"]

1. d4 Nf6 2. c4 e6 3. Nf3 Bb4+ 4. Bd2 Be7 5. g3 O-O 6. Bg2 c5 7. O-O Nc6 8. Bc3 cxd4 9. Nxd4 Nxd4 10. Bxd4 Qc7 11. b3 d6 12. Nc3 a6 13. Rc1 Bd7 14. Qd2 Bc6 15. Nd5 Nxd5 16. cxd5 e5 17. dxc6 b5 18.
Bb2 Rfd8 19. Bd5 Rac8 20. a4 Qb6 21. a5 Qc7 22. b4 Rf8 23. f4 exf4 24. gxf4 Kh8 25. f5 Bf6 26. Bxf6 gxf6 27. e4 Rg8+ 28. Kh1 Rg5 29. Rg1 Rcg8 30. Qd4 Qe7 31. Rxg5 Rxg5 32.
Rg1 Rxg1+ 33. Kxg1 Kg7 34. Qc3 Qc7 35. Qe3 Kf8 36.
Qb6 Qe7 37. c7 1-0

[Event "*** Titled Tuesday Blitz"]
[Site "Chess.com"]
[Date "2019.04.02"]
[Round "6"]
[White "julinha97"]
[Black "JSPrepz"]
[Result "0-1"]
[WhiteElo "2199"]
[BlackElo "2712"]
[TimeControl "180+2"]
[EndTime "15:16:13 PDT"]
[Termination "JSPrepz won by resignation"]

1. e4 e5 2. Nf3 Nc6 3. Bb5 Nf6 4. O-O Nxe4 5. Re1 Nd6 6. Nxe5 Be7 7. Bf1 O-O 8. d4 Nf5 9. Nf3 d5 10. c3 h6 11.
Nbd2 Bd6 12. Bd3 Nce7 13. Nf1 c6 14. Ng3 Qc7 15. Ne5 f6 16. Nf3 Bd7 17. Bd2 Rae8 18. Rc1 Qc8 19. c4 dxc4 20. Bxc4+ Kh8 21. d5 c5 22. b4 b6 23. bxc5 bxc5 24. Bd3 Ng6 25. Qc2 Ngh4 26. Nxh4 Nxh4 27. Bg6 Rxe1+ 28. Rxe1 c4 29. Nf5 Bxf5 30. Bxf5 Nxf5 31. Re6 Nd4 0-1

[Event "*** Titled Tuesday Blitz"]
[Site "Chess.com"]
[Date "2019.04.02"]
[Round "6"]
[White "Taron_Shagbazyan"]
[Black "Chessialist"]
[Result "1-0"]
[WhiteElo "2717"]
[BlackElo "2515"]
[TimeControl "180+2"]
[EndTime "15:16:26 PDT"]
[Termination "Taron_Shagbazyan won by resignation"]

1. d4 Nf6 2. c4 e6 3. Nc3 Bb4 4. e3 c5 5. Ne2 b6 6. a3 Ba5 7. g3 Bb7 8. d5 exd5 9. Bg2 Na6 10. cxd5 O-O 11. O-O d6 12. e4 Nd7 13. f4 Nc7 14. g4 b5 15. Ng3 Bxc3 16. bxc3 c4 17. Be3 Re8 18. Bd4 Nc5 19. Nh5 f6 20. g5 Nxe4 21. gxf6 g6 22. f5 gxh5 23. f7+ Kxf7 24. Qxh5+ Kg8 25. f6 Re5 26. Bxe5 dxe5 27. Qg4+ Kf8 28.
Qg7+ Ke8 29. f7+ 1-0

[Event "*** Titled Tuesday Blitz"]
[Site "Chess.com"]
[Date "2019.04.02"]
[Round "6"]
[White "mbojan"]
[Black "PowerThinking2650"]
[Result "1-0"]
[WhiteElo "2507"]
[BlackElo "2386"]
[TimeControl "180+2"]
[EndTime "15:16:29 PDT"]
[Termination "mbojan won by resignation"]

1. e4 e5 2. Nf3 Nc6 3. Bb5 a6 4.
Ba4 Nf6 5. O-O Be7 6. Re1 b5 7. Bb3 O-O 8. c3 d6 9. h3 Bb7 10. d4 Re8 11. Nbd2 Bf8 12. Bc2 Nb8 13. a4 Nbd7 14. dxe5 dxe5 15. Qe2 c6 16. Nf1 Nc5 17. Ng3 bxa4 18. Bxa4 Nxa4 19. Rxa4 c5 20. Bg5 h6 21. Bxf6 Qxf6 22. Nf5 g6 23. Ne3 Bc6 24. Rxa6 Rxa6 25. Qxa6 Re6 26. Qc4 h5 27. Nd5 Qd8 28. Rd1 Qb8 29. Ng5 Bxd5 30. Rxd5 Be7 31. Nxe6 1-0

[Event "*** Titled Tuesday Blitz"]
[Site "Chess.com"]
[Date "2019.04.02"]
[Round "6"]
[White "tteshan"]
[Black "vgyogi"]
[Result "0-1"]
[WhiteElo "2203"]
[BlackElo "2154"]
[TimeControl "180+2"]
[EndTime "15:16:29 PDT"]
[Termination "vgyogi won by resignation"]

1. e4 c5 2. c3 d5 3. exd5 Qxd5 4.
d4 g6 5. Nf3 Bg7 6. Be3 cxd4 7.
Nxd4 Nc6 8. Nxc6 Qxd1+ 9. Kxd1 bxc6 10. Kc2 Nf6 11. Nd2 O-O 12. Bc5 Nd5 13. Bc4 Bf5+ 14. Bd3 Bxd3+ 15. Kxd3 Rfd8 16. Kc2 e6 17. Nc4 Nf4 18.
g3 Nd3 19. Rhd1 Nxc5 20. f3 Bf6 21. b4 Nb7 22. a4 Kf8 23. b5 cxb5 24. axb5 Rxd1 25.
Rxd1 Rc8 26. Rd7 Rxc4 27. Rxb7 Rxc3+ 28. Kd2 Rxf3 29. Rxa7 Rb3 30. Rb7 Bd4 31. Ke2 e5 0-1

[Event "*** Titled Tuesday Blitz"]
[Site "Chess.com"]
[Date "2019.04.02"]
[Round "6"]
[White "Benjoneliere44"]
[Black "Walter_White_Poland"]
[Result "1-0"]
[WhiteElo "2485"]
[BlackElo "2250"]
[TimeControl "180+2"]
[EndTime "15:16:36 PDT"]
[Termination "Benjoneliere44 won on time"]

1. d4 Nf6 2. Bf4 c5 3. d5 Qb6 4. Nc3 Qxb2 5. Bd2 Qb6 6. e4 d6 7. f4 Bg4 8. Be2 Bxe2 9. Qxe2 e6 10. Nf3 Be7 11. dxe6 O-O 12. exf7+ Rxf7 13. Rb1 Qc6 14. O-O Nbd7 15. e5 dxe5 16. fxe5 1-0

[Event "*** Titled Tuesday Blitz"]
[Site "Chess.com"]
[Date "2019.04.02"]
[Round "6"]
[White "TregubovP"]
[Black "PelinGorki"]
[Result "1-0"]
[WhiteElo "2531"]
[BlackElo "2523"]
[TimeControl "180+2"]
[EndTime "15:16:39 PDT"]
[Termination "TregubovP won by resignation"]

1. d4 Nf6 2. c4 e5 3. dxe5 Ng4 4. Bf4 g5 5. Bg3 Bg7 6. e3 Nxe5 7. Nc3 Nbc6 8. Nf3 d6 9. Be2 Be6 10. Nd5 Nxf3+ 11.
Bxf3 Bxb2 12. Rb1 Bxd5 13. Bxd5 Bc3+ 14. Kf1 O-O 15. h4 Qf6 16. hxg5 Qxg5 17. Qd3 Qg7 18. Rxb7 Nb4 19. Qf5 Nxd5 20. cxd5 Rab8 21. Rxc7 Ba5 22. Rc1 Rb5 23. Rh4 Kh8 24. Bxd6 Re8 25. Be5 1-0

[Event "*** Titled Tuesday Blitz"]
[Site "Chess.com"]
[Date "2019.04.02"]
[Round "6"]
[White "Sashadav97"]
[Black "lucasran"]
[Result "1-0"]
[WhiteElo "2526"]
[BlackElo "2401"]
[TimeControl "180+2"]
[EndTime "15:16:45 PDT"]
[Termination "Sashadav97 won on time"]

1. d4 Nf6 2. c4 e6 3. Nc3 Bb4 4. e3 b6 5. Bd3 Bb7 6. Nf3 O-O 7. O-O c5 8. Na4 cxd4 9. exd4 Re8 10. Bf4 Bf8 11. Rc1 d6 12. Qe2 Nbd7 13. Bg3 Rc8 14.
Rfe1 Bc6 15. Nc3 Qc7 16. b4 Qb7 17. a3 Qa8 18. Bh4 a5 19. Ra1 Qb7 20. Qe3 Bxf3 21. gxf3 e5 22. d5 g6 23. Kh1 1-0

[Event "*** Titled Tuesday Blitz"]
[Site "Chess.com"]
[Date "2019.04.02"]
[Round "6"]
[White "r31415"]
[Black "stepanosinovsky"]
[Result "0-1"]
[WhiteElo "2335"]
[BlackElo "2328"]
[TimeControl "180+2"]
[EndTime "15:16:57 PDT"]
[Termination "stepanosinovsky won by checkmate"]

1. e4 e5 2. Nf3 Nc6 3. Bc4 Nf6 4.
d3 Be7 5. a4 O-O 6. O-O d5 7.
exd5 Nxd5 8. Re1 Bg4 9. h3 Bh5 10. g4 Bg6 11. Nxe5 Nxe5 12. Rxe5 Nb6 13. Bb3 Kh8 14. Nd2 f5 15. Nf1 Bd6 16. Re1 Qh4 17. g5 Bh5 18. Qd2 f4 19. Qa5 Qxh3 20. Be6 Bg4 21. Bxg4 Qxg4+ 22. Kh1 f3 23. Ne3 Qh3+ 24.
Kg1 Qh2+ 25. Kf1 Qh1# 0-1

[Event "*** Titled Tuesday Blitz"]
[Site "Chess.com"]
[Date "2019.04.02"]
[Round "6"]
[White "JSMastropiero"]
[Black "martinjogstad99"]
[Result "0-1"]
[WhiteElo "2242"]
[BlackElo "2226"]
[TimeControl "180+2"]
[EndTime "15:16:58 PDT"]
[Termination "martinjogstad99 won by resignation"]

1. d4 d5 2. Nf3 Nf6 3. c4 c6 4. Qc2 g6 5. Bf4 Bg7 6. e3 O-O 7. Nc3 Bf5 8. Qb3 Qb6 9. c5 Qxb3 10. axb3 Nbd7 11. h3 Ne4 12. g4 Nxc3 13. bxc3 Be4 14. Be2 e5 15. Bg3 exd4 16. exd4 f5 17. g5 f4 18. Bh2 Nxc5 19. O-O Nxb3 20. Ra3 Bxf3 21.
Bxf3 Nd2 22. Bg4 Nxf1 23. Kxf1 a5 24. Kg2 a4 25. Kf3 h6 26. h4 hxg5 27. hxg5 Rfe8 28. Bxf4 Bf8 29. Ra1 a3 30. Bd7 Re7 31. Bg4 a2 32. Be5 Ra3 0-1

[Event "*** Titled Tuesday Blitz"]
[Site "Chess.com"]
[Date "2019.04.02"]
[Round "6"]
[White "kleinebeer98"]
[Black "NikolaN98"]
[Result "0-1"]
[WhiteElo "2717"]
[BlackElo "2532"]
[TimeControl "180+2"]
[EndTime "15:17:01 PDT"]
[Termination "NikolaN98 won by resignation"]

1. e4 c5 2. Nf3 d6 3. Nc3 Nf6 4. e5 dxe5 5. Nxe5 Nbd7 6. d4 e6 7. Bb5 a6 8. Bxd7+ Bxd7 9. Be3 cxd4 10. Bxd4 Be7 11. Qf3 Qc7 12. O-O Bc6 13. Qg3 O-O 14. Rad1 Rad8 15. Rd3 Bd6 16. Rfd1 Ne4 17. Nxe4 Bxe4 18.
R3d2 f6 19. h4 fxe5 20. Bc3 Bd5 21. Rxd5 exd5 22. Rxd5 Qf7 23. Rd3 0-1

[Event "*** Titled Tuesday Blitz"]
[Site "Chess.com"]
[Date "2019.04.02"]
[Round "6"]
[White "cstevens1"]
[Black "RATNAKARAN"]
[Result "1-0"]
[WhiteElo "2713"]
[BlackElo "2454"]
[TimeControl "180+2"]
[EndTime "15:17:08 PDT"]
[Termination "cstevens1 won by resignation"]

1. e4 e6 2. d4 d5 3. Nc3 Nf6 4. e5 Nfd7 5. f4 c5 6. Nf3 Be7 7. Be3 b6 8. Qd2 O-O 9. Bd3 Ba6 10. O-O Bxd3 11. Qxd3 Nc6 12. Ne2 cxd4 13. Nexd4 Nb4 14.
Qe2 Rc8 15. c3 Nc6 16. Rad1 Nc5 17. f5 Ne4 18. Nxc6 Rxc6 19. Nd4 Qc8 20. Nxc6 Qxc6 21. fxe6 Qxe6 22. Bd4 Rc8 23. Kh1 a5 24. Qf3 g6 25.
Qd3 Rc4 26. Rf3 a4 27. a3 h5 28. Rdf1 Ng5 29. R3f2 h4 30. Be3 Qxe5 31. Bxg5 Qxg5 32.
Rxf7 Re4 33. Qb5 Bf6 34. R7xf6 h3 35. Rf8+ Kh7 36. R1f7+ 1-0

[Event "*** Titled Tuesday Blitz"]
[Site "Chess.com"]
[Date "2019.04.02"]
[Round "6"]
[White "Dixit_Nikhil"]
[Black "nabukatnezarr"]
[Result "0-1"]
[WhiteElo "2476"]
[BlackElo "2570"]
[TimeControl "180+2"]
[EndTime "15:17:11 PDT"]
[Termination "nabukatnezarr won by resignation"]

1. Nf3 d5 2. g3 Nc6 3. Bg2 e5 4. d3 Nf6 5. O-O h6 6. e4 Be6 7. exd5 Nxd5 8. Re1 Bd6 9. d4 exd4 10. Nxd4 Nxd4 11.
Qxd4 Nf6 12. Bxb7 O-O 13. Nc3 Rb8 14. Qxa7 Ng4 15. Bg2 Qe7 16. Nd5 Qd7 17. Ne3 Nf6 18.
a4 Rb6 19. a5 Rb5 20. a6 Bc5 21. Qb7 Rxb7 22. axb7 c6 23. b3 Qxb7 24. Bb2 Nd5 25. Nxd5 Bxd5 26. Bxd5 cxd5 0-1

[Event "*** Titled Tuesday Blitz"]
[Site "Chess.com"]
[Date "2019.04.02"]
[Round "6"]
[White "StephenDedalus83"]
[Black "advantageLucy"]
[Result "1-0"]
[WhiteElo "2652"]
[BlackElo "2495"]
[TimeControl "180+2"]
[EndTime "15:17:18 PDT"]
[Termination "StephenDedalus83 won by resignation"]

1. e4 e6 2. d4 d5 3. Nc3 Bb4 4. e5 c5 5. a3 Bxc3+ 6. bxc3 Qa5 7. Bd2 Qa4 8. Qb1 c4 9. h4 Ne7 10. h5 h6 11. g4 Nbc6 12. Bh3 Bd7 13. Ne2 O-O-O 14. Be3 Kb8 15. Kd2 Ka8 16. Qb2 g5 17. hxg6 fxg6 18. g5 h5 19. Nf4 Nf5 20. Nxg6 Rhg8 21.
Bxf5 exf5 22. Nf4 Be8 23. Ne6 Qa5 24. Nxd8 Qxd8 25. Rab1 b6 26. a4 f4 27. Bxf4 Bg6 28. Qa3 Rf8 29. Be3 Qc8 30. Qd6 Be4 31. Rxh5 Rd8 32.
Qh6 Ne7 33. a5 Nf5 34. Qf6 Rf8 35. axb6 axb6 1-0

[Event "*** Titled Tuesday Blitz"]
[Site "Chess.com"]
[Date "2019.04.02"]
[Round "6"]
[White "MatthewG-p4p"]
[Black "ShimanovAlex"]
[Result "1-0"]
[WhiteElo "2694"]
[BlackElo "2843"]
[TimeControl "180+2"]
[EndTime "15:17:32 PDT"]
[Termination "MatthewG-p4p won by resignation"]

1. Nf3 d5 2. b3 Nf6 3. Bb2 c6 4. e3 Bg4 5. c4 e6 6. Be2 Nbd7 7. O-O Bd6 8. h3 Bh5 9. d3 O-O 10. Re1 Qe7 11. a3 e5 12. Nc3 a6 13. Nh4 Bg6 14. Nxg6 hxg6 15. b4 e4 16. cxd5 cxd5 17. dxe4 dxe4 18. Qb3 Qe5 19. g3 Qg5 20. Kg2 Ne5 21.
Rad1 Rad8 22. Nd5 Nh5 23. h4 Qf5 24. Nf4 Ng4 25. Rd5 Nxf4+ 26. exf4 Qc8 27. Bxg4 Qxg4 28. Rxe4 Bc7 29. Rg5 Qd1 30. Qc3 f6 31. Qxc7 Qc1 32. Bxc1 1-0

[Event "*** Titled Tuesday Blitz"]
[Site "Chess.com"]
[Date "2019.04.02"]
[Round "6"]
[White "12teen"]
[Black "DiogenesSinopeus"]
[Result "1-0"]
[WhiteElo "2646"]
[BlackElo "2429"]
[TimeControl "180+2"]
[EndTime "15:17:35 PDT"]
[Termination "12teen won by resignation"]

1. e4 e5 2. Nc3 Nc6 3. g3 Nf6 4.
Bg2 Bc5 5. d3 d6 6. h3 a6 7. f4 h5 8. Nf3 h4 9. g4 Bxg4 10.
hxg4 Nxg4 11. Qe2 Nf2 12. Rf1 h3 13. Bh1 Ng4 14. Ng5 Rh4 15. Nf3 Rh8 16. Nd5 Qd7 17. Bd2 O-O-O 18. O-O-O f6 19. f5 g5 20. Nxg5 Rdg8 21.
Qxg4 Nd4 22. c3 Qa4 23. cxd4 Qxa2 24. Nc3 Qb3 25. dxc5 1-0

[Event "*** Titled Tuesday Blitz"]
[Site "Chess.com"]
[Date "2019.04.02"]
[Round "6"]
[White "j2806"]
[Black "zurzan"]
[Result "0-1"]
[WhiteElo "1744"]
[BlackElo "2034"]
[TimeControl "180+2"]
[EndTime "15:17:38 PDT"]
[Termination "zurzan won by checkmate"]

1. e4 d6 2. d4 Nf6 3. Nc3 Nbd7 4. Be3 e5 5. d5 c6 6. dxc6 bxc6 7. Bc4 Be7 8. Nf3 O-O 9. O-O Bb7 10. Qd3 Qa5 11.
a3 Qc7 12. b4 a6 13. Bb3 Rad8 14. Rfe1 d5 15. exd5 cxd5 16. Bxd5 e4 17. Bxe4 Ne5 18.
Qxd8 Bxd8 19. Nxe5 Nxe4 20. Nxe4 Qxe5 21. Ng3 Qd5 22.
Rad1 Qxg2# 0-1

[Event "*** Titled Tuesday Blitz"]
[Site "Chess.com"]
[Date "2019.04.02"]
[Round "6"]
[White "Gahan-MG"]
[Black "lachesisQ"]
[Result "0-1"]
[WhiteElo "2572"]
[BlackElo "3010"]
[TimeControl "180+2"]
[EndTime "15:17:39 PDT"]
[Termination "lachesisQ won by resignation"]

1. e4 c5 2. c3 Nf6 3. e5 Nd5 4. d4 e6 5. Nf3 cxd4 6. cxd4 d6 7.
a3 Nc6 8. Bd3 Be7 9. O-O O-O 10.
Qe2 Bd7 11. Qe4 f5 12. exf6 Nxf6 13. Qh4 d5 14. Bg5 h6 15. Bxf6 Bxf6 16. Qg3 Nxd4 17.
Nxd4 Bxd4 18. Nd2 Qg5 19. Qxg5 hxg5 20. Nf3 Bf6 21. Rae1 Kf7 22. Ne5+ Bxe5 23. Rxe5 Kf6 24. Rfe1 Rac8 25. h3 Rc5 26. R5e3 Rfc8 27. Rf3+ Ke7 28. Re5 d4 29. Re4 Bc6 30. Rxd4 Bxf3 31. gxf3 Rd5 0-1

[Event "*** Titled Tuesday Blitz"]
[Site "Chess.com"]
[Date "2019.04.02"]
[Round "6"]
[White "Durarbayli"]
[Black "Grischuk"]
[Result "0-1"]
[WhiteElo "2761"]
[BlackElo "3061"]
[TimeControl "180+2"]
[EndTime "15:17:43 PDT"]
[Termination "Grischuk won by resignation"]

1. e4 e5 2. Nf3 Nc6 3. Bb5 a6 4.
Ba4 Nf6 5. d3 b5 6. Bb3 Be7 7.
O-O Bb7 8. h3 O-O 9. Re1 d6 10.
c3 Na5 11. Bc2 c5 12. d4 cxd4 13. cxd4 Re8 14. Nc3 b4 15. Na4 exd4 16. Qxd4 Nc6 17. Qb6 Rb8 18. Qxd8 Nxd8 19. Bf4 Ne6 20. Bh2 Rbc8 21.
Re2 Bc6 22. Rae1 Bb5 23. Rd2 Rxc2 24. Rxc2 Bxa4 25. Rd2 Bc6 26. e5 dxe5 27. Nxe5 Bb5 28.
Rc1 Bc5 29. Bg3 Ne4 30. Rd5 Nxg3 31. Rcxc5 Ne2+ 32. Kf1 Nxc5 0-1

[Event "*** Titled Tuesday Blitz"]
[Site "Chess.com"]
[Date "2019.04.02"]
[Round "6"]
[White "Last7Samurai"]
[Black "Miguelito"]
[Result "1/2-1/2"]
[WhiteElo "2738"]
[BlackElo "2647"]
[TimeControl "180+2"]
[EndTime "15:17:47 PDT"]
[Termination "Game drawn by repetition"]

1. e4 c5 2. c3 Nf6 3. e5 Nd5 4. d4 cxd4 5. cxd4 d6 6. Nf3 Nc6 7.
Bc4 Nb6 8. Bb5 dxe5 9. Nxe5 Bd7 10. Nxd7 Qxd7 11. Nc3 e6 12. O-O a6 13. Bxc6 Qxc6 14. Bg5 Bb4 15. Rc1 h6 16. d5 Nxd5 17. Ne4 Qd7 18. Qh5 Be7 19. Rfd1 Bxg5 20. Nxg5 O-O 21. Ne4 Rac8 22. g3 Qa4 23. Nd6 Rxc1 24. Rxc1 Qxa2 25.
Rc8 Rxc8 26. Qxf7+ Kh7 27. Nxc8 Qb1+ 28. Kg2 Qe4+ 29.
Kg1 Qb1+ 30. Kg2 Qg6 31. Qxb7 Qe4+ 32. Kg1 Qe1+ 33. Kg2 Qe4+ 34. Kg1 Qe1+ 35. Kg2 Ne3+ 36. fxe3 Qe2+ 37. Kg1 Qe1+ 38. Kg2 Qe2+ 39. Kg1 Qe1+ 40. Kg2 Qe2+ 41. Kg1 Qe1+ 1/2-1/2

[Event "*** Titled Tuesday Blitz"]
[Site "Chess.com"]
[Date "2019.04.02"]
[Round "6"]
[White "RegZryt"]
[Black "Vice64"]
[Result "1-0"]
[WhiteElo "2583"]
[BlackElo "2548"]
[TimeControl "180+2"]
[EndTime "15:17:47 PDT"]
[Termination "RegZryt won by resignation"]

1. d4 Nf6 2. c4 e6 3. Nf3 b6 4. g3 Bb7 5. Bg2 Be7 6. O-O O-O 7. d5 exd5 8. Nh4 c6 9. cxd5 Nxd5 10. Nf5 Bf6 11.
e4 Nc7 12. Nc3 Ne6 13. Re1 g6 14. Nd6 Ba6 15. Bh6 Bg7 16. Bxg7 Kxg7 17. e5 f5 18. exf6+ Qxf6 19. Nce4 Qxb2 20. h4 c5 21. Rb1 Qxa2 22. h5 c4 23. Qd5 Nc6 24. Ra1 Qb2 25. Rxa6 Nc5 26. Raa1 Ne5 27. Rab1 Ned3 28. Rxb2 Nxe1 29. Nxc5 bxc5 30. Qe5+ Kg8 31. Bd5+ 1-0

[Event "*** Titled Tuesday Blitz"]
[Site "Chess.com"]
[Date "2019.04.02"]
[Round "6"]
[White "2nd_life"]
[Black "Maili15"]
[Result "1-0"]
[WhiteElo "2462"]
[BlackElo "2269"]
[TimeControl "180+2"]
[EndTime "15:17:48 PDT"]
[Termination "2nd_life won by resignation"]

1. e4 c5 2. Nf3 d6 3. d4 cxd4 4. Nxd4 Nf6 5. Nc3 a6 6. Be3 e5 7.
Nb3 Be6 8. Qd2 Be7 9. f4 Ng4 10. f5 Nxe3 11. Qxe3 Bg5 12. Qf3 Bc8 13. g3 b5 14. h4 Bf6 15. a4 bxa4 16. Rxa4 Bb7 17. Bc4 Nd7 18. Rb4 Nb6 19. Na5 Nxc4 20. Nxb7 Qc7 21.
Qd3 Rb8 22. Nd5 Qc6 23. Qxc4 Qxc4 24. Rxc4 Rxb7 25. Nxf6+ 1-0

[Event "*** Titled Tuesday Blitz"]
[Site "Chess.com"]
[Date "2019.04.02"]
[Round "6"]
[White "SaraciNderim"]
[Black "fm_magua"]
[Result "1-0"]
[WhiteElo "2725"]
[BlackElo "2510"]
[TimeControl "180+2"]
[EndTime "15:17:53 PDT"]
[Termination "SaraciNderim won by resignation"]

1. d4 Nf6 2. Nf3 g6 3. Bg5 Bg7 4. Nbd2 d5 5. e3 O-O 6. Bd3 c6 7. O-O Bf5 8. Bxf5 gxf5 9. Bxf6 Bxf6 10. c4 e6 11. Qb3 Qb6 12. Ne1 Qxb3 13. axb3 a6 14. Nd3 Nd7 15. f4 Rfb8 16. Nf3 Kf8 17. h3 Ke7 18. Kf2 h5 19. Rg1 Rg8 20. c5 Rg6 21. g3 Rag8 22. Ra4 Kd8 23. b4 Kc7 24. Raa1 R6g7 25. Rg2 Rg6 26. Rag1 Kd8 27. Nfe5 Bxe5 28. fxe5 Rg5 29. Nf4 Rh8 30. Ra1 Kc7 31. Rag1 Nf8 32. g4 hxg4 33. hxg4 fxg4 34. Rxg4 Rxg4 35. Rxg4 Kd7 36.
Kf3 Rh2 37. Rg7 Ke7 38. b3 Rb2 39. Nh3 Rxb3 40. Ng5 Rxb4 41. Rxf7+ Ke8 42. Rc7 a5 43. Nf7 a4 44. Nd6+ Kd8 45. Rc8+ Ke7 46. Re8+ 1-0

[Event "*** Titled Tuesday Blitz"]
[Site "Chess.com"]
[Date "2019.04.02"]
[Round "6"]
[White "Twiceblessed"]
[Black "maestroza"]
[Result "1-0"]
[WhiteElo "2576"]
[BlackElo "2475"]
[TimeControl "180+2"]
[EndTime "15:17:55 PDT"]
[Termination "Twiceblessed won by resignation"]

1. d4 Nf6 2. c4 e6 3. Nf3 Bb4+ 4. Nbd2 O-O 5. a3 Be7 6. e4 d6 7. Be2 Nfd7 8. O-O e5 9. Qc2 a5 10. Rd1 exd4 11. Nxd4 Bf6 12. N2f3 Nc6 13. Nb5 Re8 14. Be3 b6 15. Nc3 Nc5 16. Nd2 a4 17. Nd5 Bd4 18. Nb4 Nxb4 19. axb4 Bxe3 20. fxe3 Nb3 21. Nxb3 axb3 22.
Qxb3 Rxa1 23. Rxa1 Bb7 24. Bf3 Bxe4 25. Bxe4 Rxe4 26.
c5 h6 27. Qd5 Qe7 28. Ra8+ Kh7 29. Qf5+ g6 30. Qc8 1-0

[Event "*** Titled Tuesday Blitz"]
[Site "Chess.com"]
[Date "2019.04.02"]
[Round "6"]
[White "ChessicallyInclined"]
[Black "MMSANCHEZ"]
[Result "1-0"]
[WhiteElo "2532"]
[BlackElo "2469"]
[TimeControl "180+2"]
[EndTime "15:17:57 PDT"]
[Termination "ChessicallyInclined won by resignation"]

1. Nf3 Nf6 2. b3 g6 3. Bb2 Bg7 4. e3 O-O 5. c4 c5 6. Be2 b6 7. O-O Bb7 8. d4 d6 9. Nc3 Nbd7 10.
d5 a6 11. Qd2 Qc7 12. h3 Rab8 13. e4 e6 14. dxe6 fxe6 15. Rad1 Nxe4 16. Nxe4 Bxb2 17.
Neg5 Bxf3 18. Bxf3 Ne5 19. Qxb2 Qe7 20. Qd2 h6 21.
Ne4 Rxf3 22. Qxd6 Qxd6 23. Rxd6 Rf4 24. Re1 Kf7 25. Nxc5 bxc5 26. Rxe5 Rf6 27. Rxc5 Ke7 28. Rxa6 Rd8 29. Rc7+ Ke8 30. Raa7 Rd1+ 31. Kh2 Rxf2 32. Rc8+ Rd8 33. Rxd8+ Kxd8 34. a4 Rb2 35. Rb7 Kc8 36. Rb5 Kc7 37. a5 Kc6 38. b4 e5 39. Rxe5 Rxb4 40.
Re6+ Kc5 41. Rxg6 Rxc4 42. Rxh6 Ra4 43. g4 Kd5 44. Kg3 Ke5 45. Rh5+ Kf6 46. Rb5 Kg6 47.
Kh4 Kg7 48. Kg5 Ra3 49. h4 Kf8 50. h5 Ke7 51. h6 Kd6 52. Kg6 Kc6 53. h7 Rh3 54.
Rh5 Rg3 55. h8=Q Rxg4+ 56. Kf5 1-0

[Event "*** Titled Tuesday Blitz"]
[Site "Chess.com"]
[Date "2019.04.02"]
[Round "6"]
[White "Floatingdream1"]
[Black "Robin-Side"]
[Result "1-0"]
[WhiteElo "2818"]
[BlackElo "2592"]
[TimeControl "180+2"]
[EndTime "15:18:01 PDT"]
[Termination "Floatingdream1 won on time"]

1. c4 g6 2. Nc3 Bg7 3. g3 e5 4. Bg2 Ne7 5. Nf3 c6 6. d4 exd4 7. Nxd4 d5 8. cxd5 Nxd5 9. Nxd5 cxd5 10. O-O O-O 11. Be3 Nc6 12. Qd2 Ne5 13. b3 Be6 14. h3 a6 15. Rfd1 Qd7 16. Kh2 Rac8 17. Rac1 Rxc1 18.
Rxc1 Rc8 19. Rd1 Qc7 20. Bh6 Qc3 21. Qf4 Bxh6 22. Qxh6 Qb2 23. Qe3 Nc6 24. Nxe6 Re8 25. Bxd5 fxe6 26. Rd2 Qf6 27. Bxc6 bxc6 28. Kg2 e5 29. Qe4 Re6 30. Qc4 Kg7 31. Rd7+ Kh6 32. Qxa6 e4 33. Qa7 Qh8 34. Qe3+ g5 35. h4 1-0

[Event "*** Titled Tuesday Blitz"]
[Site "Chess.com"]
[Date "2019.04.02"]
[Round "6"]
[White "ruvat"]
[Black "Schachmalanders"]
[Result "1/2-1/2"]
[WhiteElo "2279"]
[BlackElo "2274"]
[TimeControl "180+2"]
[EndTime "15:18:01 PDT"]
[Termination "Game drawn by repetition"]

1. d4 d5 2. c4 c6 3. Nf3 e6 4.
Qc2 f5 5. g3 Nf6 6. Bg2 Bd6 7.
O-O O-O 8. b3 Qe7 9. a4 Bd7 10.
a5 Be8 11. Ba3 Bxa3 12. Nxa3 Ne4 13. Ne5 Nd7 14. Nd3 a6 15. Qb2 Bh5 16. Nf4 Bf7 17. Nc2 Kh8 18. Ne1 g5 19. Nfd3 Bh5 20. Nf3 Bxf3 21.
exf3 Nef6 22. Rfe1 Rae8 23. Re2 Qf7 24. Rae1 Re7 25.
Qa3 Rfe8 26. Qb4 Nf8 27. Ne5 Qg7 28. Re3 N6d7 29. Nd3 Nf6 30. Nc5 g4 31. Qc3 gxf3 32. Bxf3 Ne4 33. Bxe4 fxe4 34. f3 exf3 35. Rxf3 e5 36.
dxe5 Rxe5 37. Rxe5 Rxe5 38. Rxf8+ Qxf8 39. Qxe5+ Kg8 40. cxd5 Qxc5+ 41. Kg2 cxd5 42. Qe6+ Kg7 43. Qe5+ Kg6 44. Qe6+ Kg7 45. Qe5+ Kg6 46. Qe6+ Kg7 47. Qe5+ 1/2-1/2

[Event "*** Titled Tuesday Blitz"]
[Site "Chess.com"]
[Date "2019.04.02"]
[Round "6"]
[White "Haykos"]
[Black "OparinGrigoriy"]
[Result "0-1"]
[WhiteElo "2568"]
[BlackElo "2962"]
[TimeControl "180+2"]
[EndTime "15:18:02 PDT"]
[Termination "OparinGrigoriy won by resignation"]

1. e4 c6 2. d4 d5 3. f3 Qb6 4.
Nc3 dxe4 5. fxe4 e5 6. Nf3 Bg4 7. Bc4 exd4 8. Bxf7+ Ke7 9. Bg5+ Nf6 10. e5 dxc3 11.
Bxf6+ gxf6 12. Qd6+ Kxf7 13. Qxf6+ Ke8 14. Qxh8 Bxf3 15. gxf3 Qe3+ 16. Kf1 cxb2 17. Rb1 Qxf3+ 18. Kg1 Nd7 19. Rxb2 Qd1+ 20. Kg2 Qd5+ 21. Kg3 Qxh1 22. Rxb7 Qe1+ 23. Kg2 Qxe5 24. Qxh7 Qg7+ 0-1

[Event "*** Titled Tuesday Blitz"]
[Site "Chess.com"]
[Date "2019.04.02"]
[Round "6"]
[White "FearNoEvil12"]
[Black "SergioGarciaFuentes"]
[Result "0-1"]
[WhiteElo "1998"]
[BlackElo "2045"]
[TimeControl "180+2"]
[EndTime "15:18:02 PDT"]
[Termination "SergioGarciaFuentes won by checkmate"]

1. e4 c5 2. Nc3 a6 3. a4 Nc6 4. f4 e6 5. Nf3 d5 6. d3 Nf6 7. Qe2 Nd4 8. Nxd4 cxd4 9. Nd1 Qa5+ 10. Bd2 Bb4 11. e5 Nd7 12. g3 f6 13. c3 dxc3 14.
bxc3 Be7 15. Bh3 fxe5 16. Bxe6 exf4 17. O-O Nf6 18. Bxf4 Qb6+ 19. d4 Qxe6 20. Qf2 Ne4 21. Qg2 O-O 22. Ne3 Bd7 23. Rae1 Bc6 24. g4 Rae8 25. Nf5 Rxf5 26. gxf5 Qxf5 27. Be5 Qg5 28. Rf3 Qxg2+ 29. Kxg2 Bxa4 30. c4 Bc6 31. c5 Bxc5 32.
dxc5 Rxe5 33. Ref1 Rg5+ 34. Kh3 Bd7+ 35. Kh4 Rg4+ 36. Kh5 g6+ 37. Kh6 Rh4# 0-1